 Dungeon Crawl Stone Soup version 0.25-b1-50-g7b83aa72e5 (webtiles) character file.

Game seed: 12376511068541593622

816 porcors the Ducker (level 7, 0/60 HPs)
             Began as a Gnoll Monk on June 12, 2020.
             Was a Priest of Okawaru.
             Shot with an arrow by a centaur (8 damage)
             ... on level 5 of the Dungeon.
             The game lasted 00:13:15 (4227 turns).

porcors the Ducker (Gnoll Monk)                     Turns: 4227, Time: 00:13:16

Health: 0/60       AC:  9    Str: 13    XL:     7   Next: 94%
Magic:  9/11       EV: 17    Int: 12    God:    Okawaru [***...]
Gold:   272        SH:  0    Dex: 20    Spells: 11/11 levels left

rFire    . . .     SeeInvis .   d - +0 halberd
rCold    . . .     Gourm    .   (shield currently unavailable)
rNeg     . . .     Faith    .   h - +0 scale mail
rPois    .         Spirit   .   (no helmet)
rElec    .         Reflect  .   (no cloak)
rCorr    .         Harm     .   g - +0 pair of gloves
MR       .....                  (no boots)
Stlth    +++.......             (no amulet)
HPRegen  0.20/turn              (no ring)
MPRegen  0.12/turn              (no ring)

@: heroism, lightly drained
A: distributed training, fangs 1, strong nose
a: Heroism, Renounce Religion


You were on level 5 of the Dungeon.
You worshipped Okawaru.
Okawaru was most pleased with you.
You were not hungry.

You visited 1 branch of the dungeon, and saw 5 of its levels.

You collected 272 gold pieces.

Inventory:

Hand Weapons
 d - a +0 halberd (weapon)
Armour
 g - a +0 pair of gloves (worn)
 h - a +0 scale mail (worn)
 j - a +0 buckler
Jewellery
 a - a +6 ring of intelligence {unknown}
 p - an uncursed ring of ice
Wands
 s - a wand of disintegration (4)
Scrolls
 b - 2 scrolls of identify
 k - 2 scrolls of blinking {unknown}
 l - 2 scrolls of immolation {unknown}
 m - a scroll of fear
 o - 2 scrolls of remove curse {unknown}
 q - 3 scrolls of enchant armour {unknown}
Potions
 e - a potion of might
 f - a potion of degeneration {unknown}
 i - a potion of heal wounds {unknown}
 n - a potion of flight {unknown}
 r - a potion of mutation {unknown}
Comestibles
 c - 6 rations


   Skills:
 + Level 7.1(11.5) Fighting
 + Level 2.7(7.2) Short Blades
 + Level 2.7(7.2) Long Blades
 + Level 2.7(7.2) Axes
 + Level 2.7(7.2) Maces & Flails
 + Level 7.1(11.5) Polearms
 + Level 2.7(7.2) Staves
 + Level 2.7(7.2) Slings
 + Level 2.7(7.2) Bows
 + Level 2.7(7.2) Crossbows
 + Level 2.7(7.2) Throwing
 + Level 2.7(7.2) Armour
 + Level 7.1(11.5) Dodging
 + Level 5.0(9.4) Stealth
 + Level 2.7(7.2) Shields
 + Level 2.7(7.2) Unarmed Combat
 + Level 2.7(2.2) Spellcasting
 + Level 2.2(1.7) Conjurations
 + Level 2.2(1.7) Hexes
 + Level 2.2(1.7) Charms
 + Level 2.2(1.7) Summonings
 + Level 2.2(1.7) Necromancy
 + Level 2.2(1.7) Translocations
 + Level 2.2(1.7) Transmutations
 + Level 2.2(1.7) Fire Magic
 + Level 2.2(1.7) Ice Magic
 + Level 2.2(1.7) Air Magic
 + Level 2.2(1.7) Earth Magic
 + Level 2.2(1.7) Poison Magic
 + Level 3.0(2.5) Invocations
 + Level 2.7(2.2) Evocations


You had 11 spell levels left.
You didn't know any spells.
Your spell library contained the following spells:

 Spells                   Type           Power        Failure   Level  Hunger
 Foxfire                  Conj/Fire      #...         43%         1    ##.....
 Conjure Flame            Conj/Fire      #.......     82%         3    ####...
 Inner Flame              Hex/Fire       #.......     82%         3    ####...
 Sticky Flame             Conj/Fire      #.......     99%         4    #####..
 Fireball                 Conj/Fire      #.........   100%        5    ######.


Dungeon Overview and Level Annotations

Branches:
Dungeon (5/15)
 Temple: D:4-7

Altars:
Elyvilon
Okawaru
Qazlal


Innate Abilities, Weirdness & Mutations

Your experience applies equally to all skills.
You have very sharp teeth.
Your uncanny sense of smell can sniff out nearby items.


Message History

The worker ant closely misses you.
You barely miss the worker ant.
You bite the worker ant, but do no damage.
The centaur shoots an arrow.
The arrow hits you.
* * * LOW HITPOINT WARNING * * *
The centaur shoots an arrow.
The arrow hits you.
* * * LOW HITPOINT WARNING * * *
The worker ant completely misses you.
You barely miss the worker ant.
The centaur shoots an arrow.
The arrow hits you.
* * * LOW HITPOINT WARNING * * *
The worker ant misses you.
You hit the worker ant.
The worker ant is heavily wounded.
The centaur shoots an arrow.
The arrow hits you but does no damage.
The worker ant waves its antennae.
The worker ant closely misses you.
The centaur shoots an arrow.
The arrow barely misses you.
The centaur shoots an arrow.
The arrow hits you!
You die...

#........(...###.##.#.
# #..........##.% ....
##.##...h.h.......#####
#..#...c......###.
#.#....#.#....#
#..(%h##.#......
##.#.c.#h......###
#......a..#....#
........@###....#
................>
.#.#.########### .....
#####


You could see a centaur, a worker ant and 3 jackals.

Vanquished Creatures
  2 phantoms
  An ogre (D:4)
  A howler monkey (D:4)
  A hound (D:4)
  A jelly (D:5)
  5 orc wizards
  An iguana (D:4)
  Ijyb (D:4)
  2 worker ants (D:4)
  8 gnolls (D:3)
  3 adders
  A shadow imp (D:5)
  6 worms
  2 dart slugs
  4 leopard geckos
  11 orcs
  2 giant cockroaches
  4 goblins (D:1)
  5 hobgoblins
  6 jackals
  6 kobolds
  6 bats
  9 frilled lizards
  4 rats
92 creatures vanquished.

Notes
Turn   | Place    | Note
-------+----------+-------------------------------------------
     0 | D:1      | porcors the Gnoll Monk began the quest for the Orb.
     0 | D:1      | Reached XP level 1. HP: 23/23 MP: 1/1
   366 | D:1      | Reached XP level 2. HP: 26/29 MP: 2/2
   939 | D:2      | Reached XP level 3. HP: 33/35 MP: 3/3
  1011 | D:2      | Reached skill level 1 in Invocations
  1080 | D:2      | Found an iron altar of Okawaru.
  1096 | D:2      | Became a worshipper of Warmaster Okawaru
  1096 | D:2      | Reached * piety under Okawaru
  1096 | D:2      | Reached ** piety under Okawaru
  1202 | D:2      | Reached skill level 1 in Short Blades
  1202 | D:2      | Reached skill level 1 in Long Blades
  1202 | D:2      | Reached skill level 1 in Axes
  1202 | D:2      | Reached skill level 1 in Maces & Flails
  1202 | D:2      | Reached skill level 1 in Staves
  1202 | D:2      | Reached skill level 1 in Slings
  1202 | D:2      | Reached skill level 1 in Bows
  1202 | D:2      | Reached skill level 1 in Crossbows
  1202 | D:2      | Reached skill level 1 in Throwing
  1202 | D:2      | Reached skill level 1 in Armour
  1202 | D:2      | Reached skill level 1 in Shields
  1202 | D:2      | Reached skill level 1 in Unarmed Combat
  1202 | D:2      | Reached skill level 1 in Spellcasting
  1202 | D:2      | Reached skill level 1 in Evocations
  1421 | D:3      | Reached XP level 4. HP: 31/41 MP: 5/5
  1542 | D:3      | Noticed a phantom
  1571 | D:3      | Killed a phantom
  1571 | D:3      | Reached skill level 1 in Conjurations
  1571 | D:3      | Reached skill level 1 in Hexes
  1571 | D:3      | Reached skill level 1 in Charms
  1571 | D:3      | Reached skill level 1 in Summonings
  1571 | D:3      | Reached skill level 1 in Necromancy
  1571 | D:3      | Reached skill level 1 in Translocations
  1571 | D:3      | Reached skill level 1 in Transmutations
  1571 | D:3      | Reached skill level 1 in Fire Magic
  1571 | D:3      | Reached skill level 1 in Ice Magic
  1571 | D:3      | Reached skill level 1 in Air Magic
  1571 | D:3      | Reached skill level 1 in Earth Magic
  1571 | D:3      | Reached skill level 1 in Poison Magic
  1571 | D:3      | Reached XP level 5. HP: 40/47 MP: 5/7
  2045 | D:3      | Reached XP level 6. HP: 47/53 MP: 8/8
  2830 | D:4      | Reached *** piety under Okawaru
  2830 | D:4      | Reached XP level 7. HP: 21/59 MP: 10/10
  3276 | D:4      | Noticed Ijyb
  3299 | D:4      | Killed Ijyb
  3734 | D:4      | Found a stormy altar of Qazlal.
  3734 | D:4      | Found a white marble altar of Elyvilon.
  3886 | D:5      | Entered Level 5 of the Dungeon
  3892 | D:5      | Reached skill level 5 in Stealth
  4227 | D:5      | Shot with an arrow by a centaur

Illustrated notes

Levels and vault maps discovered:
D:1:      lemuel_arrival_funnel, layout_basic, serial_corexii_hall,
          corexii_hall_statues_s, corexii_hall_statues_x, minmay_curled_crystal
D:2:      layout_basic, okawaru_gym_becter
D:3:      layout_basic
D:4:      layout_cave_pools, gammafunk_temple_overflow_elements, first_ration,
          uniq_ijyb
D:5:      layout_rooms, minitemple, chequers_serial_rivers_room_b

Skill      XL: |  1  2  3  4  5  6  7 |
---------------+----------------------+-----
Invocations    | 1 2 3 |  3.0
Short Blades   | 1 2 |  2.7
Long Blades    | 1 2 |  2.7
Axes           | 1 2 |  2.7
Maces & Flails | 1 2 |  2.7
Staves         | 1 2 |  2.7
Slings         | 1 2 |  2.7
Bows           | 1 2 |  2.7
Crossbows      | 1 2 |  2.7
Throwing       | 1 2 |  2.7
Armour         | 1 2 |  2.7
Shields        | 1 2 |  2.7
Unarmed Combat | 1 2 |  2.7
Spellcasting   | 1 2 |  2.7
Evocations     | 1 2 |  2.7
Conjurations   | 1 2 |  2.2
Hexes          | 1 2 |  2.2
Charms         | 1 2 |  2.2
Summonings     | 1 2 |  2.2
Necromancy     | 1 2 |  2.2
Translocations | 1 2 |  2.2
Transmutations | 1 2 |  2.2
Fire Magic     | 1 2 |  2.2
Ice Magic      | 1 2 |  2.2
Air Magic      | 1 2 |  2.2
Earth Magic    | 1 2 |  2.2
Poison Magic   | 1 2 |  2.2
Fighting       | 7 |  7.1
Polearms       | 7 |  7.1
Dodging        | 7 |  7.1
Stealth        | 5 |  5.0

Action                   |  1- 3 |  4- 6 |  7- 9 || total
-------------------------+-------+-------+-------++-------
Melee: Spear             |   161 |    90 |       ||   251
       Bite              |    16 |    20 |    10 ||    46
       Punch             |     1 |       |       ||     1
       Halberd           |       |   110 |    82 ||   192
Invok: Heroism           |       |       |     3 ||     3
  Use: Scroll            |     2 |     2 |       ||     4
       Potion            |       |     3 |     1 ||     4
 Stab: Sleeping          |     2 |     2 |       ||     4
       Distracted        |       |       |     1 ||     1
  Eat: Chunk             |     2 |     4 |     5 ||    11
Armor: Scale mail        |    29 |    46 |    32 ||   107
Dodge: Dodged            |    82 |   105 |    55 ||   242
